cohdb
Replays
Latest Replays
All Replays
Popular Replays
Top Player Replays
Match Explorer
How It Works
Community
CoH3 Stats
Reddit
Sign in to upload your games and track your stats! →
Sign in with Steam
Match 42351791
Unlisted
Match 42351791
Overview
Messages
Build Orders
End
Construct Infanterie Kompanie
Selects Italian Coastal Battlegroup
Selects Coastal Reserves
Grenadier Squad
Grenadier Squad
Grenadier Squad
Grenadier Squad
Construct Panzergrenadier Kompanie
Selects Designate Defensive Line
Pak 40 Anti-tank Gun Team
Selects Rapid Fortifications
Rapid Fortifications
Conscript
Monsieur Nathan
0
0
Comments
sign in to comment!
No comments posted yet!